 Dungeon Crawl Stone Soup version 0.26.1-11-gd32895ea62 (webtiles) character file.

Game seed: 823823250781565879

1584 Zeld the Chucker (level 8, -1/54 HPs)
             Began as an Octopode Fighter on May 11, 2021.
             Slain by a sky beast (5 damage)
             ... on level 6 of the Dungeon.
             The game lasted 00:12:16 (9533 turns).

Zeld the Chucker (Octopode Fighter)                 Turns: 9533, Time: 00:12:16

Health: -1/54      AC:  1    Str: 17    XL:     8   Next: 92%
Magic:  16/16      EV: 12    Int: 10    God:
Gold:   361        SH: 10    Dex: 12    Spells: 18/18 levels left

rFire    . . .     SeeInvis .   a - +0 war axe
rCold    . . .     Faith    .   b - +1 kite shield
rNeg     . . .     Spirit   .   (helmet restricted)
rPois    .         Reflect  .   (no amulet)
rElec    .         Harm     .   (no ring)
rCorr    .         Rampage  .   (no ring)
Will     .....                  (no ring)
Stlth    ++........             (no ring)
HPRegen  0.18/turn              (no ring)
MPRegen  0.15/turn              (no ring)
                                (no ring)
                                (no ring)

@: no status effects
A: almost no armour, stealthy swim, amphibious, 8 rings, constrict 8, camouflage
1, gelatinous body 1
a: no special abilities


You were on level 6 of the Dungeon.
You visited 2 branches of the dungeon, and saw 7 of its levels.
You also visited: Sewer.

You collected 361 gold pieces.

Inventory:

Hand Weapons
 a - a +0 war axe (weapon)
Missiles
 p - 4 boomerangs
 A - 10 poisoned darts (quivered)
Armour
 b - a +1 kite shield (worn)
Jewellery
 c - a cursed ring of teleportation {unknown}
 f - an uncursed amulet of regeneration {unknown}
 k - a cursed amulet of inaccuracy {unknown}
 o - an uncursed ring of protection from fire {unknown}
 q - an uncursed ring of willpower {unknown}
 x - an uncursed amulet of guardian spirit {unknown}
 B - a +6 ring of intelligence {unknown}
Wands
 y - a wand of flame (28)
Scrolls
 l - 2 scrolls of magic mapping
 n - a scroll of teleportation {unknown}
 r - a scroll of remove curse
 u - 2 scrolls of immolation
Potions
 d - a potion of ambrosia {unknown}
 i - a potion of magic {unknown}
 j - a potion of invisibility {unknown}
 m - 2 potions of heal wounds {unknown}
 t - a potion of brilliance {unknown}
 v - 2 potions of curing {unknown}
 w - 2 potions of haste {unknown}


   Skills:
 - Level 4.5 Fighting
 - Level 3.9 Axes
 * Level 6.2 Throwing
 - Level 3.0 Dodging
 - Level 4.5 Shields
 * Level 5.6 Spellcasting


You had 18 spell levels left.
You didn't know any spells.
Your spell library contained the following spells:

 Spells                   Type           Power        Failure   Level
 Foxfire                  Conj/Fire      8%           63%         1
 Conjure Flame            Conj/Fire      2%           94%         3
 Inner Flame              Hex/Fire       2%           94%         3
 Sticky Flame             Conj/Fire      2%           100%        4
 Fireball                 Conj/Fire      1%           100%        5


Dungeon Overview and Level Annotations

Branches:
Dungeon (6/15)             Temple (1/1) D:4           Sewer (visited)

Altars:
Cheibriados
Dithmenos
Elyvilon
Fedhas
Gozag
Hepliaklqana
Kikubaaqudgha
Makhleb
Nemelex Xobeh
Qazlal
Ru
Sif Muna
Trog
Vehumet
Yredelemnul
Zin
The Shining One


Innate Abilities, Weirdness & Mutations

You cannot wear most types of armour.
You are very stealthy in the water. (Stealth+)
You are amphibious.
You can wear up to eight rings at the same time.
You can use your tentacles to constrict eight enemies at once.
Your skin changes colour to match your surroundings (Stealth+).
Your rubbery body absorbs attacks. (AC +1, EV +1)


Message History

The white imp gestures at you. You block the puff of frost.
You block the sky beast's attack. The hound barely misses you.
As you read the scroll labelled WOFUTASERY, it crumbles to dust.
It is a scroll of enchant armour.
Your +0 kite shield glows green for a moment.
You block the hound's attack. The sky beast hits you. The sky beast shocks you.
The white imp gestures at you. The puff of frost hits you!
* * * LOW HITPOINT WARNING * * *
Unknown command.
As you read the scroll labelled LISAUDW QAGYAC, it crumbles to dust.
Your body is wracked with pain!
* * * LOW HITPOINT WARNING * * *
The sky beast convulses!
Flame seeps out of the sky beast.
The hound convulses!
Flame seeps out of the hound.
It was a scroll of torment.
The hound bites you.
* * * LOW HITPOINT WARNING * * *
The white imp gestures at you. You block the puff of frost.
The sky beast hits you.
You die...

#.. ..# .
.. ..#
..##.##.###
..........#
..........#
.....§§§§§#
.....§§h§§#
....)5§@§§#
....$§§Y§§#
....§.§§§.#
.....§..§.#
../.......#
..........#
###########


You could see a sky beast (inner flame), a hound (inner flame) and a white imp.

Vanquished Creatures
  Sigmund (D:2)
  Duvessa (D:5)
  2 sky beasts
  Purgy (Sewer)
  A phantom (D:4)
  2 ogres
  A centaur (D:5)
  Blork the orc (D:5)
  Dowan (D:5)
  A water moccasin zombie (D:5)
  A scorpion (D:5)
  A jelly (D:6)
  3 orc priests
  2 hounds (D:5)
  3 orc wizards
  A worker ant (D:5)
  4 gnolls (D:2)
  5 adders
  A white imp (D:5)
  An ufetubus (D:5)
  3 oozes
  An adder zombie (D:5)
  5 worms
  A dart slug (D:1)
  3 leopard geckos (D:4)
  12 orcs
  3 giant cockroaches
  5 goblins
  2 hobgoblins
  2 jackals (D:4)
  6 kobolds
  A quokka (D:4)
  9 bats
  5 frilled lizards
  A jackal skeleton (D:4)
  2 quokka skeletons
  7 rats
102 creatures vanquished.

Notes
Turn   | Place    | Note
-------+----------+-------------------------------------------
     0 | D:1      | Zeld the Octopode Fighter began the quest for the Orb.
     0 | D:1      | Reached XP level 1. HP: 16/16 MP: 1/1
   244 | D:1      | Reached XP level 2. HP: 21/21 MP: 2/2
   598 | D:1      | Reached XP level 3. HP: 26/26 MP: 3/3
  1223 | D:2      | Noticed Sigmund
  1231 | D:2      | Killed Sigmund
  1232 | D:2      | Reached XP level 4. HP: 24/34 MP: 4/4
  1232 | D:2      | Reached XP level 5. HP: 27/38 MP: 5/5
  1733 | D:2      | Reached XP level 6. HP: 44/44 MP: 6/6
  1928 | D:2      | Found a shimmering blue altar of Sif Muna.
  2216 | D:3      | Found a hazy altar of Hepliaklqana.
  2466 | D:3      | Found a burning altar of Makhleb.
  3074 | D:3      | Reached skill level 1 in Throwing
  3074 | D:3      | Reached skill level 1 in Spellcasting
  3090 | D:3      | Found a snail-covered altar of Cheibriados.
  3471 | D:3      | Found a sparkling altar of Nemelex Xobeh.
  3549 | D:4      | Found a glowing drain.
  3563 | Sewer    | Entered a sewer
  3612 | Sewer    | Noticed Purgy
  3638 | Sewer    | Killed Purgy
  3639 | Sewer    | Reached skill level 2 in Throwing
  3639 | Sewer    | Reached XP level 7. HP: 17/49 MP: 8/10
  4714 | D:4      | Reached skill level 3 in Throwing
  4961 | D:4      | Found a staircase to the Ecumenical Temple.
  5003 | Temple   | Entered the Ecumenical Temple
  5598 | D:4      | Found a white marble altar of Elyvilon.
  6328 | D:5      | Entered Level 5 of the Dungeon
  6329 | D:5      | Noticed Blork the orc
  6334 | D:5      | Killed Blork the orc
  6335 | D:5      | Reached skill level 4 in Throwing
  6435 | D:5      | Reached XP level 8. HP: 45/54 MP: 13/13
  6676 | D:5      | Reached skill level 5 in Throwing
  6726 | D:5      | Noticed Duvessa
  6727 | D:5      | Noticed Dowan
  6747 | D:5      | Killed Duvessa
  6748 | D:5      | Killed Dowan
  6916 | D:5      | Got a polished war axe
  6917 | D:5      | Identified the +5 war axe of Ru's Pride {antimagic, rC+
                  | Str+3 Int-3} (You found it on level 5 of the Dungeon)
  7585 | D:5      | Found a bloodstained altar of Trog.
  7598 | D:5      | Reached skill level 5 in Spellcasting
  7843 | D:5      | Found a basalt altar of Yredelemnul.
  8356 | D:6      | Reached skill level 6 in Throwing
  8816 | D:4      | Found a white marble altar of Elyvilon.
  9164 | D:4      | Found a staircase to the Ecumenical Temple.
  9533 | D:6      | Slain by a sky beast

Illustrated notes

Levels and vault maps discovered:
D:1:      dpeg_arrival_stone_temple_mockup, layout_loops_corners
D:2:      layout_loops_ring, lemuel_crystal_altar, uniq_sigmund
D:3:      layout_loops_corners, lemuel_crystal_altar,
          nemelex_xobeh_ov_fountains_minmay, nzn_hepliaklqana_mist_gate,
          lemuel_round_altar
D:4:      minmay_angry_zag, layout_basic, elyvilon_altar_4,
          minmay_temple_entry_statues_pillars, cheibrodos_sewer_entry_drain
D:5:      layout_loops_ring, lemuel_coloured_pillars_altar, basic_altar,
          eino_small_chamber_without_monster, kennysheep_generic_room_7,
          uniq_blork_the_orc, uniq_duvessa
D:6:      layout_basic, marbit_many_paths, trog_ov_bears_minmay
Temple:   jpeg_temple_island

Skill      XL: |  1  2  3  4  5  6  7  8 |
---------------+-------------------------+-----
Fighting       | 4 |  4.5
Axes           | 3 |  3.9
Shields        | 4 |  4.5
Throwing       | 2 4 6 |  6.2
Spellcasting   | 2 3 5 |  5.6
Dodging        | |  3.0

Action                   |  1- 3 |  4- 6 |  7- 9 || total
-------------------------+-------+-------+-------++-------
Melee: War axe           |    49 |    56 |   123 ||   228
       Constrict         |    13 |    15 |    19 ||    47
       Tentacles         |    10 |    10 |    22 ||    42
Throw: Boomerang         |       |       |    27 ||    27
       Dart              |       |       |     3 ||     3
  Use: Potion            |     1 |     4 |     1 ||     6
       Scroll            |       |     3 |     7 ||    10
 Stab: Sleeping          |     4 |     7 |    11 ||    22
       Distracted        |       |     1 |     1 ||     2
Armor: Skin              |     8 |    10 |     5 ||    23
Dodge: Dodged            |    24 |    14 |    48 ||    86
Block: Kite shield       |    19 |    20 |    51 ||    90
